Get step-by-step instructions on how to execute this build order below. Start the game timer, and the build order will tick by so you can play in parallel with StarCraft on a second screen or mobile device.

Game Time

  0:00

Last Step

  N/A

Next Step

Upcoming Step



Don't want to look back and forth between 2 screens? Try out our Overwolf App, the Spawning Tool Build Advisor to get an in-game overlay with this build!

Complete Build Order

  8  0:00  Drone  
  9  0:10  Drone  
  10  0:16  Drone  
  11  0:22  Drone  
  12  0:32  Overlord  
  12  0:51  Drone x3  
  15  1:13  Hatchery  
  15  1:16  Drone  
  15  1:18  Drone  
  15  1:22  Drone  
  17  1:37  Spawning Pool  
  16  1:40  Drone  
  16  1:44  Drone  
  18  1:49  Extractor  
  18  1:51  Drone  
  18  2:01  Drone  
  19  2:10  Overlord  
  19  2:24  Queen  
  19  2:25  Queen  
  19  2:28  Zergling x2  
  19  2:29  Zergling x2  
  25  2:35  Drone  
  25  2:36  Drone  
  27  2:55  Spore Crawler  
  26  2:59  Hatchery  
  25  3:10  Metabolic Boost  
  26  3:14  Drone x2  
  26  3:15  Drone x2  
  30  3:22  Overlord  
  30  3:23  Drone  
  31  3:40  Queen  
  33  3:43  Drone x3  
  33  3:44  Drone x2  
  38  3:48  Pneumatized Carapace  
  38  3:53  Overlord  
  38  3:56  Drone  
  39  4:04  Drone  
  40  4:13  Zergling x12  
  46  4:19  Queen  
  46  4:22  Queen  
  50  4:35  Overlord  
  50  4:36  Overlord, Drone x2  
  52  4:51  Overlord x2  
  52  4:52  Overlord x2  
  52  4:57  Drone  
  52  4:58  Drone x6  
  59  5:13  Drone x3  
  59  5:14  Drone x3  
  64  5:15  Lair  
  64  5:19  Overlord  
  65  5:22  Drone x2, Evolution Chamber  
  66  5:29  Drone  
  66  5:30  Baneling Nest, Extractor, Zergling x4  
  66  5:31  Zergling x2  
  63  5:49  Overlord  
  63  5:52  Zerg Ground Armor Level 1  
  63  5:53  Zergling x2  
  63  5:54  Zergling x10  
  63  5:55  Drone x4  
  73  6:08  Spore Crawler x3  
  73  6:09  Drone x6  
  76  6:25  Drone x4  
  75  6:28  Drone  
  75  6:29  Drone x4  
  80  6:36  Extractor  
  80  6:37  Spire, Drone x2  
  80  6:38  Drone x4, Extractor  
  83  6:41  Extractor x2, Hatchery  
  80  6:49  Overlord  
  80  6:53  Zergling x6  
  82  7:06  Drone x2  
  82  7:07  Drone  
  80  7:17  Drone x5  
  85  7:25  Overseer, Queen  
  85  7:26  Queen x2  
  85  7:29  Hatchery  
  87  7:30  Drone  
  87  7:33  Hydralisk Den  
  85  7:46  Mutalisk x5  
  95  7:54  Zerg Ground Armor Level 2  
  95  7:55  Drone x2  
  95  7:56  Drone x2, Evolution Chamber  
  98  8:01  Queen  
  98  8:03  Drone x4  
  102  8:14  Grooved Spines  
  97  8:27  Hydralisk  
  97  8:28  Hydralisk x6  
  97  8:31  Overlord x4  
  111  8:45  Overlord x3  
  111  8:46  Zerg Missile Weapons Level 1  
  111  8:47  Infestation Pit, Drone  
  111  8:48  Drone x5, Overlord x2  
  116  8:52  Drone x4  
  120  8:57  Drone x2  
  122  9:04  Muscular Augments  
  122  9:06  Drone x5  
  122  9:07  Drone x4  
  131  9:10  Spine Crawler  
  131  9:11  Extractor  
  131  9:12  Spine Crawler  
  131  9:15  Drone x2, Hydralisk  
  131  9:16  Hydralisk x4  
  140  9:29  Hive  
  140  9:33  Drone x2, Extractor  
  140  9:34  Drone x3  
  140  9:35  Spine Crawler x2  
  140  9:37  Hydralisk x3  
  140  9:38  Hydralisk x3  
  150  9:44  Drone x3  
  153  9:50  Zergling x20  
  158  10:06  Hydralisk x7  
  158  10:19  Hydralisk x10  
  158  10:20  Hydralisk  
  180  10:21  Overlord  
  180  10:24  Overlord x2  
  180  10:29  Spine Crawler  
  180  10:30  Spine Crawler, Overseer  
  176  10:41  Zergling x8  
  176  10:42  Zergling x14  
  187  10:46  Lurker Den, Zerg Missile Weapons Level 2  
  187  10:47  Zerg Ground Armor Level 3  
  186  11:05  Extractor  
  186  11:09  Spine Crawler x2  
  186  11:10  Extractor  
  186  11:11  Spine Crawler  
  179  11:14  Zergling x22  
  179  11:15  Zergling x8  
  185  11:38  Centrifugal Hooks  
  185  11:42  Zergling x24  
  185  11:43  Zergling x4  
  192  11:50  Unknown  
  192  11:51  Seismic Spines  
  192  11:52  Overlord  
  191  12:10  Drone x2  
  191  12:11  Drone x5  
  191  12:12  Drone  
  181  12:55  Viper x4  
  192  13:11  Zerg Missile Weapons Level 3  
  192  13:14  Adrenal Glands  
  192  13:19  Hatchery, Zergling x4  
  193  13:20  Hatchery  
  193  13:23  Zerg Flyer Weapons Level 1  
  193  13:24  Zerg Melee Weapons Level 1  
  192  13:37  Lurker x7  
  199  14:02  Adaptive Talons  
  178  14:19  Hydralisk x5  
  178  14:20  Hydralisk x3  
  178  14:22  Lurker x5  
  178  14:24  Zergling x6  
  163  15:02  Hydralisk x7  
  163  15:03  Hydralisk  
  165  15:07  Viper x4  
  175  15:14  Hydralisk x3  
  175  15:19  Zerg Melee Weapons Level 2  
  175  15:20  Zergling x2  
  175  15:21  Zergling x28  
  196  15:27  Spine Crawler  
  195  15:30  Spine Crawler  
  195  15:31  Spine Crawler, Corruptor x3  
  199  15:36  Spore Crawler  
  198  15:44  Baneling x4  
  198  15:45  Baneling, Lurker  
  198  15:46  Lurker  
  198  15:47  Lurker  
  197  16:10  Lurker  
  197  16:11  Lurker  
  198  16:18  Spine Crawler  
  198  16:19  Spine Crawler  
  198  16:20  Spine Crawler  
  195  16:28  Greater Spire  
  192  16:38  Drone x3  
  187  16:49  Zergling x14  
  187  16:50  Zergling x10  
  199  16:54  Overseer x2  
  199  16:55  Overseer  
  157  17:51  Hydralisk x4  
  157  17:52  Hydralisk x3  
  157  17:53  Zergling x2  
  157  17:54  Zergling x16  
  180  17:59  Extractor x2  
  167  18:08  Hydralisk x5, Hatchery  
  176  18:18  Lurker x5  
  169  18:37  Hydralisk  
  169  18:38  Hydralisk x9  
  172  18:52  Hydralisk  
  172  18:53  Hydralisk x15  
  167  19:05  Overseer  
  167  19:06  Zerg Melee Weapons Level 3  
  167  19:07  Zerg Flyer Weapons Level 2  
  164  19:19  Zergling x16  
  164  19:20  Zergling x6  
  175  19:28  Drone x4, Hatchery  
  175  19:29  Drone  
  175  19:30  Lurker x2  
  175  19:31  Lurker x3  
  184  19:35  Hatchery  
  183  19:46  Viper x2  
  183  19:47  Viper x2  
  183  19:48  Corruptor x2  
  190  20:04  Extractor x2  
  174  20:17  Zergling x2  
  174  20:18  Zergling x30  
  186  20:38  Spore Crawler  
  181  20:46  Drone x2  
  181  20:47  Drone x2  
  175  20:58  Spore Crawler  
  175  21:01  Drone x4  
  175  21:03  Zergling x2  
  180  21:04  Zergling x20  
  172  21:20  Hydralisk x2  
  172  21:21  Hydralisk x3  
  172  21:23  Lurker x5  
  187  21:26  Lurker  
  187  21:27  Drone  
  187  21:28  Drone x2  
  187  21:30  Drone x3  
  195  21:32  Drone  
  195  21:33  Drone x2  
  192  21:46  Hydralisk x8  
  192  21:47  Hydralisk x11  
  171  22:06  Zergling x10  
  171  22:07  Zergling x10